 Dungeon Crawl Stone Soup version 0.31-a0-216-g22e908daa7 (webtiles) character file.

Game seed: 4706721423323529060

716 qw the Chopper (level 7, 0/44 HPs)
             Began as a Gargoyle Fighter on July 2, 2023.
             Was an Initiate of Okawaru.
             Slain by an ogre
             ... wielding a +0 giant club
              (19 damage)
             ... on level 4 of the Dungeon.
             The game lasted 00:02:00 (3506 turns).

qw the Chopper (Gargoyle Fighter)                   Turns: 3506, Time: 00:02:01

Health: 0/44       AC: 18    Str: 21    XL:     7   Next: 69%
Magic:  7/7        EV:  7    Int:  9    God:    Okawaru [......]
Gold:   524        SH:  8    Dex:  9    Spells: 6/6 levels left

rFire   . . .        Y - +0 war axe (freeze)
rCold   . . .        i - +0 kite shield
rNeg    + . .        e - +1 chain mail {Will+}
rPois   inf          (no helmet)
rElec   +            (no cloak)
rCorr   .            (no gloves)
SInv    .            (no boots)
Will    +....        (no amulet) Stlth
                     b - +4 ring of protection
HPRegen 0.27/turn    (no ring)
MPRegen 0.10/turn

%: no passive effects
@: no status effects
A: sickness immunity, AC +4, negative energy resistance 1, electricity
resistance, torment resistance 1, petrification resistance
a: Renounce Religion


You were on level 4 of the Dungeon.
You worshipped Okawaru.
Okawaru was noncommittal.
You visited 1 branch of the dungeon, and saw 6 of its levels.
You also visited: Ossuary.

You collected 524 gold pieces.


Innate Abilities, Weirdness & Mutations

You are immune to sickness and miasma.
Your stone body is resilient. (AC +4)
You are immune to poison.
You resist negative energy. (rN+)
You are resistant to electric shocks. (rElec)
You are resistant to unholy torment.
You are immune to petrification.


   Skills:
 - Level 4.3 Fighting
 - Level 6.0 Axes
 - Level 3.2 Armour
 + Level 5.7 Shields
 - Level 1.0 Invocations


You had 6 spell levels left.
You didn't know any spells.
Your spell library was empty.

Inventory:

Hand Weapons
 f - a +0 flail
 Y - a +0 war axe of freezing (weapon)
Armour
 e - a +1 chain mail of willpower (worn)
 i - a +0 kite shield (worn)
Jewellery
 b - a +4 ring of protection (left hand)
Scrolls
 a - 2 scrolls of identify
 l - a scroll of enchant armour
Potions
 c - a potion of heal wounds
 d - a potion of might
 g - a potion of enlightenment
 h - a potion of lignification
 j - 5 potions of curing
 n - a potion of cancellation

Dungeon Overview and Level Annotations

Branches:
Dungeon (6/15)            Ossuary (visited)
 Temple: D:4-7

Altars:
Cheibriados
Hepliaklqana
Okawaru

Annotations:
D:3 exclusion: dart slug
D:6 exclusion: 2 scorpions


Message History

The gnoll is heavily wounded.
You hit the gnoll. You freeze the gnoll. The gnoll closely misses you.
You block the gnoll's attack.
You hit the gnoll. You freeze the gnoll.
The gnoll is almost dead.
You slash the gnoll! You freeze the gnoll.
You kill the gnoll!
Okawaru accepts your kill. The gnoll hits you but does no damage.
You slash the gnoll! You freeze the gnoll.
You kill the gnoll!
Okawaru accepts your kill.
Your attacks no longer feel as feeble.
You start resting.
HP restored.
You start resting.
You feel like a meek peon again.
Magic restored.
Items here: %% )))) [.
j - 5 potions of curing (gained 1)
Items here: %% )).
You now have 524 gold pieces (gained 14).
An ogre comes into view. It is wielding a +0 giant club.
The ogre shouts!
You barely miss the ogre. The ogre hits you but does no damage.
You hit the ogre. You freeze the ogre.
The ogre is lightly wounded.
The ogre hits you with a +0 giant club!!
Ouch! That really hurt!
You hit the ogre. You freeze the ogre.
The ogre is heavily wounded.
You block the ogre's attack.
You hit the ogre. You freeze the ogre.
The ogre is heavily wounded.
The ogre completely misses you.
You slash the ogre! You freeze the ogre.
The ogre is almost dead.
The ogre hits you with a +0 giant club!!
You die...

#.##))..##
#.#..#
##>#..#
#.###.#(..#
#.........#
#####.##.##
#.##.#
..#####.##.##
......O@....#
#.......##..#
##########..#
#..#


You could see an ogre.

Vanquished Creatures
  A sky beast (D:6)
  2 scorpions (D:6)
  An electric eel (D:6)
  A howler monkey (D:6)
  A jelly (D:6)
  A gnoll bouda (D:4)
  2 iguanas
  An orc wizard (D:6)
  Ijyb (D:3)
  2 mummies (Ossuary)
  9 gnolls
  5 adders
  A shadow imp (D:6)
  An ufetubus (D:6)
  5 dart slugs
  5 orcs
  8 ball pythons
  6 endoplasms
  3 giant cockroaches
  3 goblins
  9 hobgoblins
  4 quokkas
  5 bats
  2 frilled lizards (D:2)
  2 gnoll zombies (Ossuary)
  5 goblin zombies (Ossuary)
  4 hobgoblin zombies (Ossuary)
  4 kobolds
  3 orc zombies (Ossuary)
  A quokka zombie (D:5)
  3 rats
  A rat zombie (D:5)
102 creatures vanquished.

Vanquished Creatures (others)
  A ball python (D:3)
1 creature vanquished.

Grand Total: 103 creatures vanquished

Notes
Turn   | Place    | Note
-------+----------+-------------------------------------------
     0 | D:1      | qw the Gargoyle Fighter began the quest for the Orb.
     0 | D:1      | Reached XP level 1. HP: 14/14 MP: 1/1
     0 | D:1      | 0 ||| qw: Version: 0.3-a-39-g4513739
     0 | D:1      | 0 ||| qw: Game counter: 7891
     0 | D:1      | 0 ||| qw: Melee chars always use a shield: true
     0 | D:1      | 0 ||| qw: God list: Okawaru
     0 | D:1      | 0 ||| qw: Allow faded altars: false
     0 | D:1      | 0 ||| qw: Do Orc after clearing Dungeon:15 true
     0 | D:1      | 0 ||| qw: Do second Lair branch before Depths: true
     0 | D:1      | 0 ||| qw: Lair rune preference: random
     0 | D:1      | 0 ||| qw: Goals: Normal, Zot:1-4, Slime:5, God:TSO, Crypt,
                  | Tomb, Abyss, Pan, Hells, Win
     0 | D:1      | 0 ||| PLANNING D:1-11
    65 | D:1      | Reached skill level 2 in Axes
   128 | D:1      | Reached XP level 2. HP: 19/19 MP: 2/2
   360 | D:1      | Found a faded altar of an unknown god.
   376 | D:1      | 376 ||| Stepping ~*~*~tactically~*~*~ (hiding).
   503 | D:1      | 503 ||| DROPPING +0 club.
   521 | D:1      | Reached skill level 3 in Axes
   584 | D:1      | Reached XP level 3. HP: 23/23 MP: 3/3
  1031 | D:1      | 1031 ||| READING scroll labelled DEUCU WYODAST.
  1032 | D:1      | 1032 ||| READING scroll labelled NITYFY EWUM.
  1145 | D:2      | 1145 ||| Stepping ~*~*~tactically~*~*~ (stealth).
  1147 | D:2      | 1147 ||| Stepping ~*~*~tactically~*~*~ (hiding).
  1165 | D:2      | HP: 5/23 [gnoll/+0 spear (2)]
  1167 | D:2      | HP: 2/23 [gnoll/+0 spear (4)]
  1173 | D:2      | Reached XP level 4. HP: 2/28 MP: 4/4
  1282 | D:2      | 1282 ||| DROPPING +0 whip.
  1324 | D:2      | Reached skill level 4 in Axes
  1511 | D:2      | 1511 ||| Stepping ~*~*~tactically~*~*~ (hiding).
  1521 | D:2      | 1521 ||| Stepping ~*~*~tactically~*~*~ (stealth).
  1998 | D:2      | 1998 ||| UPGRADING to +0 chain mail.
  2008 | D:2      | 2008 ||| DROPPING +0 scale mail.
  2009 | D:2      | 2009 ||| READING scroll labelled WIKONA QEQETT.
  2010 | D:2      | 2010 ||| READING scroll labelled SUDIB UM ENWIE.
  2011 | D:2      | 2011 ||| READING 6 scrolls of identify.
  2011 | D:2      | 2011 ||| IDENTIFYING coppery potion
  2012 | D:2      | 2012 ||| READING 5 scrolls of identify.
  2012 | D:2      | 2012 ||| IDENTIFYING orange potion
  2040 | D:3      | 2040 ||| STAIRDANCE
  2048 | D:2      | Reached XP level 5. HP: 30/32 MP: 5/5
  2170 | D:3      | 2170 ||| UPGRADING to +4 ring of protection.
  2172 | D:3      | Found a snail-covered altar of Cheibriados.
  2196 | D:3      | Noticed Ijyb
  2206 | D:3      | Killed Ijyb
  2207 | D:3      | Reached skill level 5 in Axes
  2381 | D:3      | 2381 ||| READING scroll of brand weapon.
  2381 | D:3      | 2381 ||| BRANDING +0 heavy war axe.
  2461 | D:3      | 2461 ||| UPGRADING to +1 chain mail of willpower.
  2471 | D:3      | 2471 ||| DROPPING +0 chain mail.
  2472 | D:3      | 2472 ||| UPGRADING to +0 kite shield.
  2482 | D:3      | 2482 ||| DROPPING +0 buckler.
  2483 | D:3      | 2483 ||| READING scroll labelled QEGASA GAUDAFE.
  2502 | D:4      | You fall into a shaft and drop 2 floors!
  2575 | D:6      | Reached XP level 6. HP: 24/37 MP: 6/6
  2630 | D:6      | 2630 ||| Stepping ~*~*~tactically~*~*~ (stealth).
  2631 | D:6      | 2631 ||| Stepping ~*~*~tactically~*~*~ (stealth).
  2681 | D:6      | Found an iron altar of Okawaru.
  2682 | D:6      | 2682 ||| PLANNING OKAWARU WORSHIP
  2778 | D:6      | 2778 ||| READING 5 scrolls of identify.
  2778 | D:6      | 2778 ||| IDENTIFYING fuming clear potion
  2784 | D:6      | 2784 ||| READING 4 scrolls of identify.
  2784 | D:6      | 2784 ||| IDENTIFYING glowing cyan potion
  2785 | D:6      | Became a worshipper of Warmaster Okawaru
  2786 | D:6      | 2786 ||| PLANNING D:1-11
  2815 | D:6      | Noticed a sky beast
  2816 | D:6      | 2816 ||| Stepping ~*~*~tactically~*~*~ (stealth).
  2829 | D:6      | Killed a sky beast
  2871 | D:6      | Reached XP level 7. HP: 44/44 MP: 7/7
  2958 | D:6      | 2958 ||| READING scroll labelled MOBBAR IGUUNUO.
  3044 | D:5      | Entered Level 5 of the Dungeon
  3045 | D:5      | 3045 ||| PLANNING OSSUARY
  3060 | D:5      | Reached * piety under Okawaru
  3140 | D:5      | Found a hazy altar of Hepliaklqana.
  3197 | D:5      | Found a sand-covered staircase.
  3198 | D:5      | 3198 ||| READING scroll labelled PACVETYUNI.
  3202 | D:5      | 3202 ||| DRINKING 2 clear potions.
  3203 | D:5      | 3203 ||| READING 3 scrolls of identify.
  3203 | D:5      | 3203 ||| IDENTIFYING bubbling white potion
  3204 | D:5      | 3204 ||| DROPPING potion of invisibility.
  3227 | Ossuary  | Entered an ossuary
  3344 | Ossuary  | Reached skill level 1 in Invocations
  3426 | D:5      | 3426 ||| PLANNING D:1-11
  3459 | D:4      | 3459 ||| INVOKING Heroism.
  3462 | D:4      | Reached skill level 6 in Axes
  3506 | D:4      | Slain by an ogre

Levels and vault maps discovered:
D:1:      psy_arrival_whirlpool, layout_basic, shapermc_ecumenical_altar_venn
D:2:      layout_basic, minmay_bisected
D:3:      layout_rooms, kennysheep_slug_shrine, uniq_ijyb
D:4:      layout_loops_ring
D:5:      layout_loops_cross, trog_hazing_becter, mainiacjoe_overflow_big_doors,
          ebering_ghost_rock_garden, enter_ossuary_4,
          amcnicky_mini_corridor_feature, patterned_corridor
D:6:      layout_basic, mainiacjoe_overflow_small_starburst,
          mainiacjoe_overflow_brackets, corexii_hall_statues_l,
          amcnicky_mini_pool_medium

Skill      XL: |  1  2  3  4  5  6  7 |
---------------+----------------------+-----
Axes           | 2 3 4 5 6 |  6.0
Shields        | 4 5 |  5.7
Fighting       | 4 |  4.3
Invocations    | 1 |  1.0
Armour         | |  3.2

Action                     |  1- 3 |  4- 6 |  7- 9 || total
---------------------------+-------+-------+-------++-------
  Melee: War axe           |    72 |   142 |    96 ||   310
 Invoke: Heroism           |       |       |     1 ||     1
    Use: Scroll            |     2 |     8 |     3 ||    13
         Potion            |       |       |     1 ||     1
 Armour: Scale mail        |    27 |    26 |       ||    53
         Chain mail        |       |    92 |    50 ||   142
  Dodge: Dodged            |    43 |    51 |    15 ||   109
  Block: Buckler           |    16 |    21 |       ||    37
         Kite shield       |       |    24 |    29 ||    53

Table legend:
 A = Non-vault XP
 B = Vault XP
 C = Vault XP percentage of total XP
 D = Non-vault monster count
 E = Vault monster count
 F = Vault count percentage of total count
                 A         B        C        D         E       F
            +---------+---------+-------+---------+---------+-------
      Total |     833 |     190 |  18.6 |      78 |      24 |  23.5
            +---------+---------+-------+---------+---------+-------
        D:1 |      42 |       0 |   0.0 |      21 |       0 |   0.0
        D:2 |     117 |      10 |   7.9 |      24 |       3 |  11.1
        D:3 |      31 |      32 |  50.8 |      12 |       1 |   7.7
        D:4 |     110 |       0 |   0.0 |       6 |       0 |   0.0
        D:5 |      50 |       2 |   3.8 |       2 |       2 |  50.0
        D:6 |     483 |      95 |  16.4 |      13 |       2 |  13.3
    Ossuary |       0 |      51 | 100.0 |       0 |      16 | 100.0
            +---------+---------+-------+---------+---------+-------
